 Dungeon Crawl Stone Soup version 0.32-a0-540-g866d13106e (webtiles) character file.

Game seed: 1142916286964461642

11 Aldia the Changeling (level 2, 21/21 HPs)
             Began as a Merfolk Shapeshifter on Feb 28, 2024.
             Quit the game on level 1 of the Dungeon.
             The game lasted 00:00:37 (222 turns).

Aldia the Changeling (Merfolk Shapeshifter)          Turns: 222, Time: 00:00:37

Health: 21/21      AC:  2    Str: 14    XL:     2   Next: 25%
Magic:  2/2        EV: 12    Int:  9    God:
Gold:   47         SH:  0    Dex: 13    Spells: 1/1 levels left

rFire   . .          .
                       - Unarmed
rCold   . . .        (no shield)
rNeg    . . .        a - +0 animal skin
rPois   .            (helmet currently unavailable)
rElec   .            (cloak currently unavailable)
rCorr   .            (gloves currently unavailable)
SInv    .            (boots currently unavailable)
Will    .....        (no amulet)
Stlth   +            (no ring)
HPRegen 0.23/turn    (no ring)
MPRegen 0.08/turn

%: no passive effects
@: beast-form
A: beast (slay +2), (nimble swimmer 2), mertail
a: Begin Untransformation


You were on level 1 of the Dungeon.
You were a hulking beast.
You visited 1 branch of the dungeon, and saw 1 of its levels.

You collected 47 gold pieces.

Inventory:

Armour
 a - a +0 animal skin (worn)
Jewellery
 e - a ring of ice
Talismans
 c - a beast talisman (active)
 d - a flux talisman
Potions
 b - a potion of lignification
 f - a potion of mutation {unknown}


   Skills:
 + Level 1.4 Fighting
 - Level 3.0 Dodging
 * Level 3.6 Unarmed Combat
 * Level 4.1 Shapeshifting


You had one spell level left.
You didn't know any spells.
Your spell library was empty.

Dungeon Overview and Level Annotations

Branches:
Dungeon (1/15)

Altars:


Innate Abilities, Weirdness & Mutations

You are a hulking beast.
Your limbs bulge with bestial killing power. (Slay +2)
((You are very nimble when in or above water. (Stealth+, EV+, Speed+++)))
Your lower body shifts to a powerful aquatic tail in water.


Message History

You now have 30 gold pieces (gained 6).
A ball python comes into view.
The ball python hisses angrily.
You hit the ball python.
The ball python is moderately wounded.
The ball python bites you. The ball python barely misses you.
You hit the ball python but do no damage.
The ball python is moderately wounded.
The ball python barely misses you. The ball python grabs you.
The ball python constricts you.
You punch the ball python!
You kill the ball python!
No target in view!
No target in view!
A goblin comes into view. It is wielding a +0 dagger.
A goblin is nearby!
The goblin shouts!
You barely miss the goblin. The goblin misses you.
You hit the goblin.
The goblin is heavily wounded.
The goblin misses you.
You miss the goblin.
The goblin is heavily wounded.
The goblin hits you with a +0 dagger.
You hit the goblin.
You kill the goblin!
Training target 3.0 for Dodging reached!
Your Dodging skill increases to level 3!
No target in view!
No target in view!
You now have 47 gold pieces (gained 17).
f - a ruby potion You see here a +0 robe.
A goblin comes into view. It is wielding a +0 club.
A goblin is nearby!
A goblin is nearby!
Found a grey potion.
The goblin shouts!
You hear a shout!
The goblin barely misses you.
Are you sure you want to abandon this character and quit the game? (Confirm with "yes".)

##. ...# .. ######## #........
... ...ß...###..!.#..###..
.ß.<.ß..##...........
..).....ß#.........#
ß..(..ß.......##...#
........ß#.......g.#
.ß...ß..##......h#.
...ß...###.......#... ########
#.........# ..#
##...##..####..####..
#############.##.....#........
..)........#..#...........#..#
#####...........#.............
............................#
._...........##...........#


You could see a goblin.

Vanquished Creatures
  3 ball pythons (D:1)
  A bat (D:1)
  An endoplasm (D:1)
  A goblin (D:1)
  2 quokkas (D:1)
  A rat (D:1)
9 creatures vanquished.

Notes
Turn   | Place    | Note
-------+----------+-------------------------------------------
     0 | D:1      | Aldia the Merfolk Shapeshifter began the quest for the Orb.
     0 | D:1      | Reached XP level 1. HP: 15/15 MP: 1/1
    57 | D:1      | Found a faded altar of an unknown god.
    90 | D:1      | Reached XP level 2. HP: 20/21 MP: 2/2
   222 | D:1      | Quit the game

Illustrated notes

Levels and vault maps discovered:
D:1:      erik_arrival_orb_chamber, layout_rooms, basic_ecumenical_altar,
          minmay_vboxes

Skill      XL: |  1  2 |
---------------+-------+-----
Dodging        | 3 |  3.0
Fighting       | |  1.4
Unarmed Combat | |  3.6
Shapeshifting  | |  4.1

Action                     || total
---------------------------++-------
  Melee: Unarmed           ||    29
 Armour: Animal skin       ||    12
  Dodge: Dodged            ||    25

Table legend: (Time is in decaauts)
 A = Elapsed time spent in this place.
 B = Non-inter-level travel time spent in this place.
 C = Inter-level travel time spent in this place.
 D = Time resting spent in this place.
 E = Time spent auto-exploring this place.
 F = Levels seen in this place.
 G = Mean time per level.
                   A        B        C        D        E       F      G
               +--------+--------+--------+--------+--------+-----+--------+
         Total |    220 |    220 |      0 |      0 |    153 |   1 |  220.0 |
       Dungeon |    220 |    220 |      0 |      0 |    153 |   1 |  220.0 |
               +--------+--------+--------+--------+--------+-----+--------+

Top non-repeatable levels by time:
     D:1: 220 daAuts
